Cogmind - Beta 15 @@@ ROGUE MODE // 2025.06.27 @ 01:54:31 Player: CheifClapdad Result: Destroyed by as-99616 with Assembled Blade Performance ------------- Evolutions (0) 0 Regions Visited (4) 800 Robots Destroyed (10) 50 Value Destroyed (171) 171 Prototype IDs (23) 460 Alien Tech Used (0) 0 Bonus (300) 300 TOTAL SCORE: 1781 Bonus ------- Aligned with FarCom 300 Cogmind --------- Core Integrity 0/250 Matter 278/300 Energy 250/250 System Corruption 2% Temperature Cool (0) Movement Rolling (120) Ox2 Location -9/Mines Parts ------- > --- POWER (1) -------- Ion Engine > --- PROPULSION (2) --- Wheel Compact Wheel > --- UTILITY (2) ------ Improved Heat Sink High-capacity Storage Unit > --- WEAPON (2) ------- Improved EM Pulse Cannon > --- INVENTORY (20) --- Light Ion Engine Light Treads Medium Treads Compact Wheel Large Storage Unit High-capacity Battery (250) Medium Matter Pod (100) Modified TNC EM Pulse Gun Light Assault Rifle Light Assault Rifle Light Assault Rifle Light Assault Rifle Light Assault Rifle Light Assault Rifle Grenade Launcher Peak State ------------ > --- POWER ------------ Ion Engine > --- PROPULSION ------- Wheel Compact Wheel > --- UTILITY ---------- Improved Heat Sink High-capacity Storage Unit > --- WEAPON ----------- Improved EM Pulse Cannon > --- INVENTORY -------- Light Ion Engine Light Treads Wheel Compact Wheel Large Storage Unit High-capacity Battery Medium Matter Pod Modified TNC EM Pulse Gun Light Assault Rifle Light Assault Rifle Light Assault Rifle Light Assault Rifle Light Assault Rifle Light Assault Rifle Grenade Launcher [Rating: 13] Favorites ----------- Power Ion Engine Engine Ion Engine Propulsion Compact Wheel Treads Light Treads Wheel Compact Wheel Utility Large Storage Unit Device Improved Heat Sink Storage Large Storage Unit Weapon Light Assault Rifle Energy Gun Medium Laser Energy Cannon Improved EM Pulse Cannon Ballistic Gun Light Assault Rifle Special Weapon Mining Laser Build | -11 -10 -10 -10 -9 ------- Run | Yrd Mat Min Exi Min Slots Evolved . | . . . . . Power . | . . . . . Propulsion . | . . . . . Utility . | . . . . . Weapon . | . . . . . Parts Attached 20 | 6 4 7 1 2 Power 2 | 1 . 1 . . Engine 2 | 1 . 1 . . Core . | . . . . . Reactor . | . . . . . Propulsion 5 | 2 . 2 . 1 Treads 1 | 1 . . . . Leg . | . . . . . Wheel 4 | 1 . 2 . 1 Hover . | . . . . . Flight . | . . . . . Utility 4 | 1 1 1 1 . Device 1 | . . 1 . . Storage 3 | 1 1 . 1 . Processor . | . . . . . Hackware . | . . . . . Protection . | . . . . . Artifact . | . . . . . Weapon 9 | 2 3 3 . 1 Energy Gun 2 | 2 . . . . Energy Cannon 1 | . . . . 1 Ballistic Gun 5 | . 2 3 . . Ballistic Cannon . | . . . . . Launcher . | . . . . . Special Weapon 1 | . 1 . . . Impact Weapon . | . . . . . Slashing Weapon . | . . . . . Piercing Weapon . | . . . . . Special Melee Weapon . | . . . . . Unidentified Prototypes . | . . . . . Parts Lost 3 | . . 2 . 1 Power . | . . . . . Propulsion 3 | . . 2 . 1 Utility . | . . . . . Weapon . | . . . . . Highest Loss Streak 2 | . . 2 . 1 To Critical Strikes . | . . . . . Average Backups 12 | 3 7 14 14 16 Power 1 | . 1 1 1 1 Propulsion 2 | 1 2 3 3 3 Utility . | . . . . 4 Weapon 7 | . 4 9 9 8 Tool/Special . | . . . . . Unused Backups 15 | . . . . 15 Power 1 | . . . . 1 Propulsion 3 | . . . . 3 Utility 3 | . . . . 3 Weapon 8 | . . . . 8 Tool/Special . | . . . . . Average Slot Usage (%) 83 | . 84 89 76 80 Engine 14 | . 14 14 14 14 Treads 5 | . 14 8 . . Wheel 21 | . 14 18 28 27 Device 7 | . . 4 14 14 Storage 14 | . 14 14 14 14 Energy Gun 2 | . 15 . . . Energy Cannon 2 | . . . . 9 Ballistic Gun 14 | . 11 28 4 . Peak Build Rating 13 | 6 7 10 10 13 Average Rating 8 | 4 6 7 8 11 On Entrance 6 | . 6 7 10 9 Naked Turns . | . . . . . Heaviest Build 53 | 14 29 28 46 53 Greatest Support 26 | 20 16 26 26 26 Greatest Overweight (x) 8 | . 1 8 1 3 Average Overweight (x) . | . . 1 . 1 Largest Inventory Capacity 20 | 8 15 15 20 20 Average Capacity 15 | 6 12 15 15 20 Most Carried 17 | 4 13 15 16 17 Average Carried 12 | 3 8 14 14 16 Final Capacity 20 | 8 15 15 20 20 Final Carried 16 | 4 13 14 16 16 Class Distribution -------------------- 82% | Mutant 17% | Scavenger-Mutant Dominant Class ---------------- Mutant | -10/Materials Mutant | -10/Mines Mutant | -10/Exiles Mutant | -9/Mines Resources | -11 -10 -10 -10 -9 ----------- Run | Yrd Mat Min Exi Min Matter Collected 566 | 160 71 228 44 63 Remotely . | . . . . . Salvage Created 274 | . 87 187 . . Parts 14 | . 2 12 . . Haulers Intercepted . | . . . . . Recyclers Shooed . | . . . . . Parts Field Recycled . | . . . . . Retrieved Matter . | . . . . . Parts Self-Destructed . | . . . . . Prevented . | . . . . . Kills | -11 -10 -10 -10 -9 ------- Run | Yrd Mat Min Exi Min Combat Hostiles Destroyed 8 | . . 8 . . Guns 8 | . . 8 . . Classes Destroyed 4 | . 2 2 . . Worker 1 | . 1 . . . Recycler 1 | . 1 . . . Swarmer 6 | . . 6 . . Grunt 2 | . . 2 . . Best Kill Streak 3 | . 2 3 . . Combat Bots Only 3 | . . 3 . . Max Kills in Single Turn 1 | . 1 1 . . Gunslinging . | . . . . . Exploded . | . . . . . Melee . | . . . . . Uniques/NPCs Destroyed . | . . . . . Combat | -11 -10 -10 -10 -9 -------- Run | Yrd Mat Min Exi Min Hostile Shots Fired 107 | . . 89 . 18 Missed 28 | . . 26 . 2 Hits 79 | . . 63 . 16 Melee 7 | . . . . 7 Projectile 72 | . . 63 . 9 Critical Strikes 1 | . . 1 . . Part Disruptions 1 | . . . . 1 Damage Taken 870 | . . 588 . 282 Core 269 | . . 138 . 131 Absorbed by Shields . | . . . . . Core Remaining (%) 100 | 100 . . . . Volleys Fired 45 | . 5 38 . 2 Largest 2 | . 2 2 . 1 Hottest 69 | . 40 40 . 69 Shots Fired 88 | . 10 76 . 2 Gun 86 | . 10 76 . . Cannon 2 | . . . . 2 Launcher . | . . . . . Special . | . . . . . Kinetic 86 | . 10 76 . . Thermal . | . . . . . Explosive . | . . . . . Electromagnetic 2 | . . . . 2 Robot Hit Streak 8 | . 7 8 . . Robot Miss Streak 4 | . 2 4 . 2 Penetration Max . | . . . . . Secondary Targets 1 | . . 1 . . Max Gunslinging Chain 1 | . . 1 . . Shots Hit Robots 54 | . 8 46 . . Core Hits 21 | . 5 16 . . Critical Kills . | . . . . . Critical Parts Destroyed . | . . . . . Critical Strikes . | . . . . . Melee Attacks . | . . . . . Impact . | . . . . . Slashing . | . . . . . Piercing . | . . . . . Sneak Attacks . | . . . . . Combat Hostiles . | . . . . . Follow-up Attacks . | . . . . . Damage Inflicted 433 | . 60 365 . 8 Guns 425 | . 60 365 . . Cannons . | . . . . . Explosions . | . . . . . Melee . | . . . . . Ramming 8 | . . . . 8 Kinetic 425 | . 60 365 . . Thermal . | . . . . . Explosive . | . . . . . Electromagnetic . | . . . . . Impact . | . . . . . Slashing . | . . . . . Piercing . | . . . . . Highest Corruption 2 | . 2 2 2 2 Average Corruption 2 | . 2 2 2 2 Corruption Purged . | . . . . . Corruption Blocked . | . . . . . Effects 24 | . 5 8 5 6 Message Errors 5 | . 2 1 2 . Matter Fused 8 | . . 4 1 3 Heat Flow Errors 2 | . 1 1 . . Energy Discharges 4 | . 1 2 1 . Data Loss (minor) 3 | . 1 . 1 1 Alerts 2 | . . . . 2 Overload Shots . | . . . . . Overflow Damage . | . . . . . Projectiles . | . . . . . Explosions . | . . . . . Melee . | . . . . . Knockbacks . | . . . . . Impact . | . . . . . Kinetic . | . . . . . Secondary . | . . . . . Self-Inflicted Damage 3 | . . . . 3 Shots . | . . . . . Rammed 2 | . . . . 2 Targets Rammed 2 | . . . . 2 Kicked . | . . . . . Crushed . | . . . . . Highest Temperature 244 | . 244 176 . 20 Average Temperature 62 | . 124 31 . 20 Received Heat Transfer 231 | . . 111 . 120 Siege Activations . | . . . . . Martial Activations . | . . . . . Shielding Activations . | . . . . . Robots Disrupted . | . . . . . Combat Hostiles . | . . . . . Robots Corrupted . | . . . . . Combat Hostiles . | . . . . . Parts Fried . | . . . . . Impact Corruptions . | . . . . . Robots Melted . | . . . . . Combat Hostiles . | . . . . . Parts Melted . | . . . . . Heat Transferred . | . . . . . Parts Sabotaged . | . . . . . Parts Stolen . | . . . . . Parts Stripped . | . . . . . Power Chain Reactions . | . . . . . Alert | -11 -10 -10 -10 -9 ------- Run | Yrd Mat Min Exi Min Maximum Alert Level . | . . . . . Low Security (%) 100 | 100 100 100 . 100 Level 1 . | . . . . . Level 2 . | . . . . . Level 3 . | . . . . . Level 4 . | . . . . . Level 5 . | . . . . . High Security . | . . . . . Max Security . | . . . . . Peak Influence 60 | . 10 60 . 15 Initial . | . . . . . Average 7 | . . 15 . . Influence Increases 227 | . 10 202 . 15 Destroy 0b10 Robot/C 160 | . . 160 . . Destroy 0b10 Robot/NC 10 | . 10 . . . Destroy Leader 40 | . . 40 . . Allied During Kill 2 | . . 2 . . Disable Machine 15 | . . . . 15 Influence Decreases 227 | . 10 186 16 15 Entered New Map 16 | . . . 16 . Time Decay 201 | . 10 186 . 5 Lost Part 10 | . . . . 10 Squads Dispatched 2 | . . 1 . 1 Investigation 1 | . . . . 1 Extermination . | . . . . . Reinforcement . | . . . . . Assault 1 | . . 1 . . Garrison . | . . . . . Intercept . | . . . . . Searches Triggered . | . . . . . Construction Impeded . | . . . . . Haulers Reinforced . | . . . . . Active Scanning Responses . | . . . . . Cargo Convoy Interrupts . | . . . . . Stealth | -11 -10 -10 -10 -9 --------- Run | Yrd Mat Min Exi Min Distress Signals . | . . . . . Communications Jammed . | . . . . . Distress Signals . | . . . . . Times Spotted 33 | . 4 10 . 19 Peak Tracking Total 18 | . 2 3 . 18 Tactical Retreats 1 | . . . . 1 Traps | -11 -10 -10 -10 -9 ------- Run | Yrd Mat Min Exi Min Traps Triggered 1 | . 1 . . . Indirectly . | . . . . . Trap Hack Attempts . | . . . . . Triggered . | . . . . . Disarmed . | . . . . . Reprogrammed . | . . . . . Reused . | . . . . . Traps Extracted . | . . . . . Installed . | . . . . . Triggered . | . . . . . Machines | -11 -10 -10 -10 -9 ---------- Run | Yrd Mat Min Exi Min Machines Disabled 1 | . . . . 1 Max in Single Turn 1 | . . . . 1 Machines Repaired . | . . . . . Machines Dismantled . | . . . . . Machines Sabotaged . | . . . . . Overloaded Fab Kills . | . . . . . Hacking | -11 -10 -10 -10 -9 --------- Run | Yrd Mat Min Exi Min Machines Accessed 2 | . . . 1 1 Terminals . | . . . . . Fabricators . | . . . . . Repair Stations . | . . . . . Recycling Units . | . . . . . Scanalyzers . | . . . . . Garrison Access . | . . . . . Total Hacks 2 | . . . 1 1 Successful 2 | . . . 1 1 Failed . | . . . . . Catastrophic . | . . . . . Database Lockouts . | . . . . . Manual 1 | . . . 1 . Terminals . | . . . . . Fabricators . | . . . . . Repair Stations . | . . . . . Recycling Units . | . . . . . Scanalyzers . | . . . . . Garrison Access . | . . . . . Terminal Hacks 2 | . . . 1 1 Open Door 1 | . . . . 1 Proto ID Catalog 1 | . . . 1 . Fabricator Hacks . | . . . . . Repair Station Hacks . | . . . . . Recycling Unit Hacks . | . . . . . Scanalyzer . | . . . . . Garrison Access Hacks . | . . . . . Unauthorized Hacks . | . . . . . Terminals . | . . . . . Fabricators . | . . . . . Repair Stations . | . . . . . Recycling Units . | . . . . . Scanalyzers . | . . . . . Garrison Access . | . . . . . Data Cores Recovered . | . . . . . Used . | . . . . . Hacking Detections . | . . . . . Full Trace Events . | . . . . . Feedback Events . | . . . . . Feedback Blocked . | . . . . . Robot Schematics Acquired . | . . . . . Robots Built . | . . . . . Authchips . | . . . . . Time . | . . . . . Total Robot Build Rating . | . . . . . Part Schematics Acquired . | . . . . . Parts Built . | . . . . . Authchips . | . . . . . Time . | . . . . . Total Part Build Rating . | . . . . . Parts Repaired . | . . . . . Time . | . . . . . Parts Recycled . | . . . . . Recycled Matter . | . . . . . Retrieved Matter . | . . . . . Retrieved Components . | . . . . . Parts Scanalyzed . | . . . . . Part Schematics Acquired . | . . . . . Parts Damaged . | . . . . . Bothacking | -11 -10 -10 -10 -9 ------------ Run | Yrd Mat Min Exi Min Used RIF Installer . | . . . . . Robots Hacked . | . . . . . Non-combat . | . . . . . Combat . | . . . . . Robot Hacks Applied . | . . . . . Relay Couplers Released . | . . . . . Fabnet Peak Effective % . | . . . . . Robots Rewired . | . . . . . Allies Hacked . | . . . . . Hacks Repelled . | . . . . . Allies | -11 -10 -10 -10 -9 -------- Run | Yrd Mat Min Exi Min Total Allies 1 | . . 1 . . Largest Group 1 | . . 1 1 1 Highest-Rated Group 31 | . . 31 31 31 Highest-Rated Ally 31 | . . 31 31 31 Total Orders . | . . . . . Ally Attacks 11 | . . 3 . 8 Total Damage 145 | . . 42 . 103 Kills 4 | . . . . 4 Allies Corrupted . | . . . . . Allies Melted . | . . . . . Intel | -11 -10 -10 -10 -9 ------- Run | Yrd Mat Min Exi Min Active Infowar (turns) . | . . . . . Robot Analysis Total . | . . . . . Derelict Logs Recovered 1 | . . 1 . . Drone Launches . | . . . . . Drone Recoveries . | . . . . . Exploration | -11 -10 -10 -10 -9 ------------- Run | Yrd Mat Min Exi Min Turns Passed 1664 | 110 286 609 331 328 Spaces Moved 1242 | 65 235 323 346 273 Core 5 | 4 . 1 . . Treads 175 | 59 . 116 . . Legs . | . . . . . Wheels 1062 | 2 235 206 346 273 Hover . | . . . . . Flight . | . . . . . Fastest Speed 50 | 50 100 105 90 105 Average Speed 120 | 151 107 154 93 116 Slowest Speed 450 | 160 115 450 105 145 Overloaded Moves . | . . . . . Propulsion Burnouts . | . . . . . Robots Hopped . | . . . . . Potential Cave-ins . | . . . . . Cave-ins Triggered . | . . . . . Exploration Rate (%) 40 | 5 29 62 62 45 Regions Visited 4 Branch Regions 3 Pre-discovered Areas . | . . . . . Known Exits Taken . | . . . . . Unknown Exits Taken 4 | 1 1 1 1 . Scrap Searched 1 | . . 1 . . Spaces Dug . | . . . . . Terrain Destroyed . | . . . . . Melee . | . . . . . Projectile . | . . . . . AOE . | . . . . . Terrain Rammed . | . . . . . Walls Destroyed . | . . . . . Machines Disabled . | . . . . . Actions | -11 -10 -10 -10 -9 --------- Run | Yrd Mat Min Exi Min Total 1338 | 74 260 371 353 280 Wait . | . . . . . Move 1238 | 64 234 322 345 273 Hop . | . . . . . Pick Up 20 | 4 11 1 3 1 Fast Attach 13 | 6 3 3 . 1 Attach 4 | . 2 1 . 1 Detach . | . . . . . Swap 4 | . . 3 1 . Drop 12 | . 5 3 4 . Fire 45 | . 5 38 . 2 Melee . | . . . . . Ram 2 | . . . . 2 Kick . | . . . . . Crush . | . . . . . Escape Stasis . | . . . . . Rewire . | . . . . . Trap . | . . . . . Miscellaneous . | . . . . . Route ------- -11/Scrapyard -10/Materials -10/Mines -10/Exiles (discovered 2 exits: *Min x2) -9/Mines History --------- Turn | Location | Event 28 | -11/Scrapyard | Discovered new exit (range 15) 111 | -11/Scrapyard | Entered Materials 310 | -10/Materials | Build established: Mutant 371 | -10/Materials | Discovered new exit (range 11) 397 | -10/Materials | Entered Mines 755 | -10/Mines | Core integrity fell below 50% 879 | -10/Mines | Found a hidden stash of uninstalled traps 919 | -10/Mines | Learned Materials emergency access door positions 950 | -10/Mines | Met a Derelict testing a Signal Generator 998 | -10/Mines | Deemed a non-threat by the Exiles lab entrance 999 | -10/Mines | Discovered new exit (range 5) 1006 | -10/Mines | Entered Exiles 1006 | -10/Exiles | Accompanied by 1 ally 1032 | -10/Exiles | Discovered new exit (range 15) 1048 | -10/Exiles | Met 8R-AWN 1068 | -10/Exiles | Met EX-HEX 1118 | -10/Exiles | Met EX-BIN 1131 | -10/Exiles | Aligned with FarCom system 1132 | -10/Exiles | Given EX-Vault access code 1163 | -10/Exiles | Opened EX-Vault 1172 | -10/Exiles | Found Modified TNC 1192 | -10/Exiles | Warned to stay clear of 0b10 Research branches 1201 | -10/Exiles | Exiles lab attacked by MAIN.C 1320 | -10/Exiles | Discovered new exit (range 12) 1337 | -10/Exiles | Left Exiles lab with Modified TNC 1337 | -10/Exiles | Entered Mines 1337 | -9/Mines | Accompanied by 1 ally 1420 | -9/Mines | Met a Derelict shopkeep closing up shop 1429 | -9/Mines | Met a Derelict bent on vengeance 1590 | -9/Mines | Assembled infested the area 1595 | -9/Mines | Assisted by a Guerilla fighting off Assembled 1638 | -9/Mines | Core integrity fell below 20% 1665 | -9/Mines | Destroyed by as-99616 with Assembled Blade Last Messages --------------- 01604_ as-18147 destroyed. 01618_ Laser Drill disabled. 01625_ System corrupted: Matter fused (-10). 01627_ Knocked back. 01631_ R-06 Scavenger destroyed. 01633_ T-07 Excavator destroyed. 01636_ Wheel destroyed. 01639_ Slammed into T-07 Excavator. 01640_ Knocked back. 01641_ as-99616 sneak attacks. 01648_ R-06 Scavenger knocked back. 01652_ R-06 Scavenger destroyed. 01652_ AM-PHS destroyed. 01657_ System corrupted: Component data lost. 01657_ as-94547 sneak attacks. 01657_ R-06 Scavenger destroyed. 01662_ T-07 Excavator destroyed. 01662_ as-33972 sneak attacks. 01662_ T-07 Excavator system corrupted by crushing effect. Map ----- +----------------------------------------------------+ | ????????????????????????????????? % ??# ??? | | ?????????????????????????????????# ??# ?? | | ?????????????????????????????????# ??? | | ?????????????????????????????#####% ###? | | ????????????????????????????## # ?? | | ????????????????????????????# #???# | | ????????????????????????????# #??## """ | | ????????????????????????????## #?## """ | | ?????????????????????????????### ### " " | | ???????????????????????????????## ### | | ??????????????????###???????????# ## #??? | | ????????????????## ##?????????## ## #???? | | #????####??????## ##??????### #???? | | #???## ##?????# #?????## #???? | | #??## #?????# ????### ##### ##??? | | ??## #????## ????## ##???## #??? | | ### #???## ?????# #?????## #??? | | #????# #?????# #??????# ##??? | | ## #????# ##????## ##?????## ##???? | | # ##### #?#### ##????# ######## #????? | | # #???# ###""## ##???# #????? | | # #???# ##"!! # ##??# ######### #????? | | # #???# ##"! ##### ##???????# !#????? | | # #???# ##"! ######????????#=%#????? | | # #???# ##" #X #????????????## =###??? | | #???# ###""## ###@ #????????????# ##?? | | ###???# #?####### #?#a #????????????# | #?? | | ??????# #???????## ##?# #????????????##=%! #?? | | ??????# #????????### #??# a############### = ##?? | | ??????# #??????????# #??#!%a =[!! ##??? | | ??????# #??????????# #??# % =%=%= ##???? | | ??????# #?????###### #??######%########### ##???? | | ??????# #?????# #???????# #######???# ##??? | | ??????# ####### ######???????# #???# ###? | | ??????# #????????????# ##### #???## ## | | ??????######### #????????????# #??????????## | | ??????????????# #????????????# #???????????###### | | ??????????????# #????????????[ #????????????????## | | ????????????### #???????????? = ?????????????????# | | ????????????# #???????????? ?????????????????# | | ????????????# ##???????????? ?????????????????# | | ????????????###?????????????? ?????????????????# | | ????????????????????????????? ?????????????????# | | ????????????????????????????## ?????????????????? | | ??????????????????????????????##?????????????????? | | ?????????????????????????????????????????????????? | | ?????????????????????????????????????????????????? | | ?????????????????????????????????????????????????? | | | | | +----------------------------------------------------+ Best States ------------- Heat Dissipation 39 Energy Generation 10 Energy Capacity 250 Matter Stores 300 Matter Capacity 300 Sight Range 16 Terrain Scan Density 10 Evasion (%) 42 Recoil Reduction 1 Item Schematics ----------------- None Robot Schematics ------------------ None Fabricated ------------ Nothing Repaired ---------- Nothing Alien Tech Used ----------------- None Achievements -------------- None Challenges ------------ None Game ------ Seed GaussMachineArray Manual? 0 Play Time 00:12:06 Cumulative 94.3 hours Start 2025.06.27 @ 01:44:59 End 2025.06.27 @ 01:54:31 Sessions 1 Manual Loads 0 Difficulty Rogue Special Mode None Game No. 127 Rogue 127 Adventurer 0 Explorer 0 Win Type - Total 1 Types 1/0/0/0/0/0/0/0/0/0 Lore% 38 Gallery% 50 Achievement% 43 Wizard Run 0 Options --------- Layout 1 ASCII 0 Keyboard 0 Movement Arrows Keybinds 0 Fullscreen 1 Font 24/Smallcaps Map View 50x35 Zoom Use 0% Tactical HUD 1 Map Filters NONE Filters NONE Steam X RUN: bf948116-34d4-4ba7-a7e6-f0251ec69e62